 Dungeon Crawl Stone Soup version 0.30-a0-596-g0af90f9a20 (webtiles) character file.

Game seed: 2301937094115454573

207 porpoise the Thrower (level 5, -1/37 (38) HPs)
             Began as a Gnoll Wanderer on Jan 7, 2023.
             Was a Priest of Sif Muna.
             Splashed by a jelly's acid (2 damage)
             ... on level 4 of the Dungeon.
             The game lasted 00:12:03 (3525 turns).

porpoise the Thrower (Gnoll Wanderer)               Turns: 3525, Time: 00:12:04

HP:   -1/37 (38)    AC:  2    Str: 10    XL:     5   Next: 85%
MP:   9/9           EV: 10    Int: 12    God:    Sif Muna [***...]
Gold: 293           SH:  0    Dex: 14    Spells: 10/10 levels left

rFire   . . .      SeeInvis .    a - +2 dagger (venom)
rCold   . . .      Faith    .    (no shield)
rNeg    . . .      Spirit   .    q - +0 ring mail
rPois   .          Reflect  .    (no helmet)
rElec   .          Harm     .    (no cloak)
rCorr   .          Rampage  .    (no gloves)
Will    .....                    (no boots)
Stlth   +                        (no amulet)
HPRegen 0.26/turn                i - ring of flight
MPRegen 0.11/turn                (no ring)

@: corroded, flying, lightly drained
A: fangs 1, strong nose, distributed training
a: Renounce Religion, Channel Magic, Forget Spell


You were on level 4 of the Dungeon.
You worshipped Sif Muna.
Sif Muna was most pleased with you.
You visited 1 branch of the dungeon, and saw 4 of its levels.

You collected 293 gold pieces.

Inventory:

Hand Weapons
 a - a +2 dagger of venom (weapon)
 b - a +0 sling
 t - a +2 dagger
 w - a +0 dagger of draining
 A - a +2 rapier of speed
Missiles
 l - 3 boomerangs (quivered)
 r - 12 poisoned darts
 s - a curare-tipped dart
Armour
 q - a +0 ring mail (worn)
Magical Staves
 d - a staff of conjuration
Jewellery
 i - a ring of flight (left hand)
Wands
 x - a wand of polymorph (8)
Scrolls
 c - a scroll of immolation
 e - a scroll of vulnerability
 g - 2 scrolls of butterflies
 h - 4 scrolls of teleportation
 j - a scroll of enchant armour {unknown}
 k - a scroll of noise
 m - 3 scrolls of fog
 n - a scroll of amnesia {unknown}
 y - a scroll of torment {unknown}
 z - a scroll of poison {unknown}
Potions
 f - a potion of mutation
 o - a potion of brilliance
 p - 2 potions of flight {unknown}
 u - a potion of magic {unknown}
 v - a potion of cancellation {unknown}


   Skills:
 + Level 1.7 Fighting
 + Level 1.7 Short Blades
 + Level 1.7 Long Blades
 + Level 1.7 Axes
 + Level 1.7 Maces & Flails
 + Level 1.7 Polearms
 + Level 1.7 Staves
 + Level 1.7 Ranged Weapons
 + Level 10.5 Throwing
 + Level 4.9 Armour
 + Level 1.7 Dodging
 + Level 1.7 Stealth
 + Level 1.7 Shields
 + Level 1.7 Unarmed Combat
 + Level 3.3 Spellcasting
 + Level 1.3 Conjurations
 + Level 1.3 Hexes
 + Level 1.3 Summonings
 + Level 1.3 Necromancy
 + Level 1.3 Translocations
 + Level 1.3 Transmutations
 + Level 1.3 Fire Magic
 + Level 1.3 Ice Magic
 + Level 1.3 Air Magic
 + Level 1.3 Earth Magic
 + Level 2.5 Poison Magic
 + Level 3.2 Invocations
 + Level 1.7 Evocations


You had 10 spell levels left.
You didn't know any spells.
Your spell library contained the following spells:

 Spells                   Type           Power      Damage    Failure   Level
 Sting                    Tmut/Pois      24%        1d4       26%         1
 Summon Small Mammal      Summ           20%        N/A       32%         1
 Poisonous Vapours        Pois/Air       12%        N/A       36%         2
 Cigotuvi's Dreadful Rot  Necr/Pois/Air  12%        N/A       38%         2
 Call Canine Familiar     Summ           5%         N/A       67%         3
 Summon Guardian Golem    Hex/Summ       5%         N/A       67%         3
 Olgreb's Toxic Radiance  Pois           8%         N/A       89%         4


Dungeon Overview and Level Annotations

Branches:
Dungeon (4/15)
 Temple: D:4-7

Altars:
Elyvilon
Sif Muna


Innate Abilities, Weirdness & Mutations

You have very sharp teeth.
Your uncanny sense of smell can sniff out nearby items.
Your experience applies equally to all skills.


Message History

The hobgoblin is almost dead.
The hobgoblin hits you but does no damage.
You hit the hobgoblin but do no damage.
The hobgoblin looks as sick as possible!
The hobgoblin is almost dead.
You kill the hobgoblin!
Sif Muna accepts your kill.
You now have 284 gold pieces (gained 8).
You see here a +0 halberd.
You now have 293 gold pieces (gained 9).
You see here a +0 whip.
You see here a +0 whip.
Things that are here:
a +0 club; a gnoll corpse HP restored.
There is an open door here.
There is an open door here.
You reach down and open the door.
There is an open door here.
A jelly comes into view.
There is an open door here.
The jelly quivers.
The jelly barely misses you.
You hit the jelly.
Your hands burn!
The jelly is lightly wounded.
The jelly hits you. The acid corrodes you!
You are splashed with acid!
You hit the jelly.
Your hands burn!
The jelly is lightly wounded.
The jelly hits you.
You are splashed with acid.
You are too injured to fight recklessly!
You are too injured to fight recklessly!
Okay, then.
There is an open door here.
You hit the jelly but do no damage.
Your hands burn!
You bite the jelly, but do no damage. The jelly hits you.
* * * LOW HITPOINT WARNING * * *
You are splashed with acid!
* * * LOW HITPOINT WARNING * * *
You hit the jelly.
Your hands burn!
You die...

#.........#.#.....#'###...
#########...#..#..#.###...
#.......#####..#..#.......
#.......# #..##.........
#.......# #...'.........
#.......# #.###.........
#.......# #.# #.........
#.......#####.# #.......##
#.......J@....# #.......#
#.......####### #########
#####'#.. #.#.# #.#.#
#.#.. ###


You could see a jelly.

Vanquished Creatures
  An orc priest (D:4)
  An orc wizard (D:4)
  3 gnolls (D:4)
  4 adders
  A worm (D:3)
  3 dart slugs
  4 orcs
  8 ball pythons
  3 bats
  3 endoplasms
  5 giant cockroaches
  8 goblins
  15 hobgoblins
  3 kobolds
  3 quokkas
  A frilled lizard (D:2)
  3 rats
69 creatures vanquished.

Vanquished Creatures (others)
  A butterfly (D:3)
1 creature vanquished.

Grand Total: 70 creatures vanquished

Notes
Turn   | Place    | Note
-------+----------+-------------------------------------------
     0 | D:1      | Reached skill level 10 in Throwing
     0 | D:1      | porpoise the Gnoll Wanderer began the quest for the Orb.
     0 | D:1      | porpoise set off with the following items: a +2 dagger, a
                  | curare-tipped dart, a +0 scale mail, a potion of heal
                  | wounds; and the following spells available to memorise:
                  | Poisonous Vapours, Cigotuvi's Dreadful Rot.
     0 | D:1      | Reached XP level 1. HP: 13/13 MP: 4/4
    59 | D:1      | Found a faded altar of an unknown god.
   121 | D:1      | Prayed at the altar of an unknown god.
   121 | D:1      | Became a worshipper of Sif Muna the Loreminder
   121 | D:1      | Reached * piety under Sif Muna
   202 | D:1      | Reached XP level 2. HP: 19/19 MP: 5/5
  1160 | D:2      | Reached XP level 3. HP: 25/25 MP: 7/7
  1222 | D:2      | Reached ** piety under Sif Muna
  1465 | D:2      | Reached skill level 1 in Fighting
  1465 | D:2      | Reached skill level 1 in Short Blades
  1465 | D:2      | Reached skill level 1 in Long Blades
  1465 | D:2      | Reached skill level 1 in Axes
  1465 | D:2      | Reached skill level 1 in Maces & Flails
  1465 | D:2      | Reached skill level 1 in Polearms
  1465 | D:2      | Reached skill level 1 in Staves
  1465 | D:2      | Reached skill level 1 in Ranged Weapons
  1465 | D:2      | Reached skill level 1 in Dodging
  1465 | D:2      | Reached skill level 1 in Stealth
  1465 | D:2      | Reached skill level 1 in Shields
  1465 | D:2      | Reached skill level 1 in Unarmed Combat
  1465 | D:2      | Reached skill level 1 in Evocations
  1974 | D:3      | Reached XP level 4. HP: 32/32 MP: 8/8
  1989 | D:3      | Found a white marble altar of Elyvilon.
  2144 | D:3      | Reached skill level 1 in Conjurations
  2144 | D:3      | Reached skill level 1 in Hexes
  2144 | D:3      | Reached skill level 1 in Summonings
  2144 | D:3      | Reached skill level 1 in Necromancy
  2144 | D:3      | Reached skill level 1 in Translocations
  2144 | D:3      | Reached skill level 1 in Transmutations
  2144 | D:3      | Reached skill level 1 in Fire Magic
  2144 | D:3      | Reached skill level 1 in Ice Magic
  2144 | D:3      | Reached skill level 1 in Air Magic
  2144 | D:3      | Reached skill level 1 in Earth Magic
  3152 | D:4      | Reached XP level 5. HP: 22/32 MP: 9/9
  3164 | D:4      | Reached *** piety under Sif Muna
  3524 | D:4      | HP: 1/37 [acid (9)]
  3525 | D:4      | Splashed by a jelly's acid

Illustrated notes

Levels and vault maps discovered:
D:1:      wander_arrival_chamber, layout_basic, basic_ecumenical_altar
D:2:      layout_basic, grunt_ministairs_1
D:3:      minmay_door_path, layout_basic, nicolae_elyvilon_peaceful_grove
D:4:      layout_basic

Skill      XL: |  1  2  3  4 |
---------------+-------------+-----
Throwing       | | 10.5
Poison Magic   | 2 |  2.5
Fighting       | 1 |  1.7
Short Blades   | 1 |  1.7
Long Blades    | 1 |  1.7
Axes           | 1 |  1.7
Maces & Flails | 1 |  1.7
Polearms       | 1 |  1.7
Staves         | 1 |  1.7
Ranged Weapons | 1 |  1.7
Dodging        | 1 |  1.7
Stealth        | 1 |  1.7
Shields        | 1 |  1.7
Unarmed Combat | 1 |  1.7
Evocations     | 1 |  1.7
Spellcasting   | 3 |  3.3
Conjurations   | 1 |  1.3
Hexes          | 1 |  1.3
Summonings     | 1 |  1.3
Necromancy     | 1 |  1.3
Translocations | 1 |  1.3
Transmutations | 1 |  1.3
Fire Magic     | 1 |  1.3
Ice Magic      | 1 |  1.3
Air Magic      | 1 |  1.3
Earth Magic    | 1 |  1.3
Invocations    | 3 |  3.2
Armour         | |  4.9

Action                   |  1- 3 |  4- 6 || total
-------------------------+-------+-------++-------
Melee: Dagger            |   112 |   124 ||   236
       Bite              |     7 |    17 ||    24
       Punch             |     1 |     4 ||     5
 Fire: Sling             |    10 |     4 ||    14
Throw: Boomerang         |       |     4 ||     4
  Use: Scroll            |     5 |     4 ||     9
       Potion            |       |     1 ||     1
Armor: Scale mail        |    27 |       ||    27
       Ring mail         |    23 |    44 ||    67
Dodge: Dodged            |    35 |    59 ||    94

Table legend: (Time is in decaauts)
 A = Elapsed time spent in this place.
 B = Non-inter-level travel time spent in this place.
 C = Inter-level travel time spent in this place.
 D = Time resting spent in this place.
 E = Time spent auto-exploring this place.
 F = Levels seen in this place.
 G = Mean time per level.
                   A        B        C        D        E       F      G
               +--------+--------+--------+--------+--------+-----+--------+
         Total |   3512 |   3387 |    125 |    722 |   1927 |   4 |  878.0 |
       Dungeon |   3512 |   3387 |    125 |    722 |   1927 |   4 |  878.0 |
               +--------+--------+--------+--------+--------+-----+--------+

Top non-repeatable levels by time:
     D:1: 921 daAuts
     D:2: 895 daAuts
     D:4: 858 daAuts
     D:3: 836 daAuts
